 Dungeon Crawl Stone Soup version 0.24-a0-504-gcfb02b9d07 (webtiles) character file.

Game seed: 14824357986862616338

27 Inarius the Caller (level 2, 0/19 HPs)
             Began as a Demonspawn Summoner on July 17, 2019.
             Slain by a rat (3 damage)
             ... on level 1 of the Dungeon.
             The game lasted 00:02:00 (2004 turns).

Inarius the Caller (Demonspawn Summoner)            Turns: 2004, Time: 00:02:01

Health: 0/19       AC:  2    Str:  6 (8)  XL:     2   Next: 93%
Magic:  2/5        EV: 12    Int: 13 (16) God:
Gold:   101        SH:  0    Dex: 12 (13) Spells: 2/5 levels left

rFire    . . .     SeeInvis .   d - +0 short sword
rCold    . . .     Gourm    .   (no shield)
rNeg     . . .     Faith    .   a - +0 robe
rPois    .         Spirit   .   (no helmet)
rElec    .         Reflect  .   (no cloak)
rCorr    .         Harm     .   (no gloves)
MR       .....                  (no boots)
Stlth    ++........             (no amulet)
HPRegen  0.06/turn              (no ring)
MPRegen  0.09/turn              (no ring)

@: no status effects
A: hooves 1
a: no special abilities


You were on level 1 of the Dungeon.
You were hungry.

You visited 1 branch of the dungeon, and saw 2 of its levels.

You collected 101 gold pieces.

Inventory:

Hand Weapons
 d - a +0 short sword (weapon)
Armour
 a - a +0 robe (worn)
Scrolls
 b - a scroll of remove curse {unknown}
 e - a scroll of blinking {unknown}
 f - a scroll of enchant weapon {unknown}
 g - a scroll of identify {unknown}
Potions
 h - a potion of heal wounds {unknown}
 i - a potion of haste
 k - a potion of magic {unknown}
Comestibles
 c - 6 rations
 j - 6 chunks of flesh


   Skills:
 + Level 0.2 Short Blades
 + Level 1.9 Dodging
 + Level 1.9 Stealth
 + Level 2.2 Spellcasting
 * Level 4.6 Summonings


You had 2 spell levels left.
You knew the following spells:

 Your Spells              Type           Power        Failure   Level  Hunger
a - Summon Small Mammal   Summ           ##..         3%          1    ##.....
b - Call Imp              Summ           ##......     5%          2    ###....

Your spell library contained the following spells:

 Spells                   Type           Power        Failure   Level  Hunger
 Call Canine Familiar     Summ           ##......     11%         3    ####...
 Summon Guardian Golem    Hex/Summ       #.......     28%         3    ####...
 Summon Ice Beast         Ice/Summ       #.......     67%         4    #####..
 Summon Lightning Spire   Summ/Air       #.......     67%         4    #####..


Dungeon Overview and Level Annotations

Branches:
Dungeon (2/15)

Altars:

Annotations:
D:2 Robin, Sigmund


Innate Abilities, Weirdness & Mutations

You have large cloven feet.


Message History

Unknown command.
Unknown command.
Unknown command.
Unknown command.
Unknown command.
Unknown command.
Unknown command.
You closely miss the rat. The rat barely misses you.
You hit the rat but do no damage. The rat bites you.
* * * LOW HITPOINT WARNING * * *
Casting: Call Imp (safe; 5% risk of failure)
Confirm with . or Enter, or press ? or * to list all spells.
A beastly little devil appears in a puff of frigid air.
You are feeling hungry.
The rat bites you but does no damage.
Your white imp barely misses the rat.
You hit the rat. Your kick misses the rat.
The rat is moderately wounded.
The rat bites you.
You die...

.##......#..####.# #..........#..
.##......#.....#.# #######......#
.##......#.#####.# #............#
.##..............# #.####.#.#.#.#
.#####..##.#########.#.##.#.#.#.#
.# #....................#.#....
.# ##.##.#..>5.###.#......#####
## #.##.....r...#....#........ #
####.##.#.###@#.#....#..##.### #
#.......#.###................. #
##.....#......#.#....#....####
#.....##.##.##.#.........##..
#.....##.##.##.#.........##.#
#.........#.##.#.............
###.####..#..............#.#. #.#
#..#...........##.#.#. #.#
#..#.#................


You could see a rat and a friendly white imp.

Vanquished Creatures
  An adder (D:2)
  A dart slug (D:2)
  A giant cockroach (D:2)
  4 goblins (D:1)
  3 hobgoblins
  A bat (D:2)
  A kobold (D:1)
  2 rats
14 creatures vanquished.

Vanquished Creatures (collateral kills)
  4 goblins (D:1)
4 creatures vanquished.

Grand Total: 18 creatures vanquished

Notes
Turn   | Place    | Note
-------+----------+-------------------------------------------
     0 | D:1      | Inarius the Demonspawn Summoner began the quest for the
                  | Orb.
     0 | D:1      | Reached XP level 1. HP: 13/13 MP: 3/3
  1278 | D:2      | Gained mutation: You have large cloven feet. [demonic
                  | ancestry]
  1278 | D:2      | Reached XP level 2. HP: 6/19 MP: 1/5
  1943 | D:1      | Learned a level 2 spell: Call Imp
  1989 | D:2      | Noticed Sigmund
  1995 | D:2      | Noticed Robin
  2004 | D:1      | Slain by a rat

Levels and vault maps discovered:
D:1:      grunt_arrival_crossed_arrows, layout_basic
D:2:      layout_basic, first_ration, okawaru_altar_gauntlet_db, uniq_robin,
          uniq_sigmund

Action                   || total
-------------------------++-------
Melee: Unarmed           ||    17
       Short sword       ||    51
       Kick              ||     3
 Cast: Summon Small Mamm ||     7
       Call Imp          ||     2
  Use: Potion            ||     3
 Stab: Sleeping          ||     2
       Distracted        ||     1
  Eat: Chunk             ||     3
Armor: Robe              ||    11
Dodge: Dodged            ||    59

Table legend:
 A = Non-vault XP
 B = Vault XP
 C = Vault XP percentage of total XP
 D = Non-vault monster count
 E = Vault monster count
 F = Vault count percentage of total count
                 A         B        C        D         E       F
            +---------+---------+-------+---------+---------+-------
      Total |      26 |      13 |  33.3 |      10 |       8 |  44.4
            +---------+---------+-------+---------+---------+-------
        D:1 |       6 |      13 |  68.4 |       4 |       8 |  66.7
        D:2 |      20 |       0 |   0.0 |       6 |       0 |   0.0
            +---------+---------+-------+---------+---------+-------
